 Dungeon Crawl Stone Soup version 0.31-a0-202-g547052bce9 (webtiles) character file.

Game seed: 1425074106578391724

58 qw the Shooter (level 3, 0/20 HPs)
             Began as a Deep Elf Hunter on June 26, 2023.
             Succumbed to an adder's poison
             ... on level 2 of the Dungeon.
             The game lasted 00:00:28 (1197 turns).

qw the Shooter (Deep Elf Hunter)                    Turns: 1197, Time: 00:00:29

Health: 0/20       AC:  3    Str: 10    XL:     3   Next: 75%
Magic:  5/5        EV: 12    Int: 13    God:
Gold:   93         SH:  0    Dex: 18    Spells: 2/2 levels left

rFire   . . .        Y - +0 shortbow
rCold   . . .        (shield currently unavailable)
rNeg    . . .        c - +0 leather armour
rPois   .            (no helmet)
rElec   .            (no cloak)
rCorr   .            (no gloves)
SInv    .            (no boots)
Will    .....        (no amulet)
Stlth   ++           (no ring)
HPRegen 0.23/turn    (no ring)
MPRegen 0.09/turn

%: no passive effects
@: lethally poisoned (0 -> -2)
A: no striking features
a: no special abilities


You were on level 2 of the Dungeon.
You visited 1 branch of the dungeon, and saw 2 of its levels.

You collected 93 gold pieces.


   Skills:
 - Level 1.5 Fighting
 + Level 7.2 Ranged Weapons
 - Level 2.4 Dodging
 - Level 1.2 Stealth


You had 2 spell levels left.
You didn't know any spells.
Your spell library was empty.

Inventory:

Hand Weapons
 Y - a +0 shortbow (weapon)
Armour
 a - a +0 cloak
 c - a +0 leather armour (worn)
 d - a +0 ring mail
Scrolls
 b - 2 scrolls of teleportation {unknown}
 g - a scroll of identify
 h - a scroll of silence {unknown}
Potions
 e - a potion of curing {unknown}
 f - a potion of enlightenment {unknown}

Dungeon Overview and Level Annotations

Branches:
Dungeon (2/15)

Altars:

Shops:
D:2 =


Message History

Enter note:
Enter note:
Enter note:
Enter note:
Enter note:
Enter note:
Enter note: You shoot an arrow.
The arrow hits the adder!
The adder is almost dead.
The adder closely misses you.
You shoot an arrow. The arrow closely misses the adder.
The adder bites you but does no damage.
You shoot an arrow. The arrow barely misses the adder.
The adder bites you but does no damage.
You shoot an arrow.
The arrow hits the adder but does no damage.
The adder is severely wounded.
The adder misses you. The adder bites you.
You shoot an arrow. The arrow misses the adder.
The adder bites you.
You shoot an arrow. The arrow closely misses the adder.
The adder bites you but does no damage.
You shoot an arrow. The arrow closely misses the adder.
The adder bites you. x2
You shoot an arrow. The arrow closely misses the adder.
The adder barely misses you.
You shoot an arrow. The arrow barely misses the adder.
The adder bites you. x2
You are poisoned.
The adder poisons you!
You shoot an arrow. The arrow hits the adder.
The adder is almost dead.
You feel sick. The adder bites you.
You shoot an arrow. The arrow hits the adder.
You kill the adder!
You feel sick.
There is a lethal amount of poison in your body!
You feel sick.
There is a lethal amount of poison in your body!
You die...

#....##.##.......#
#.....###..#.#...#
#.....##..##.##..#
##.#..###..###...#
#...##.##..#...##
#....#%#..###..#
##.......##.##.#
#######..#.#..#
##...@.## #######


There were no monsters in sight!

Vanquished Creatures
  2 adders (D:2)
  2 worms (D:2)
  A dart slug (D:1)
  6 endoplasms
  A giant cockroach (D:1)
  3 hobgoblins
  2 jackals (D:2)
  A quokka (D:1)
  A ball python (D:1)
  2 bats (D:1)
  2 frilled lizards
  4 goblins
  4 kobolds
  A rat (D:1)
32 creatures vanquished.

Notes
Turn   | Place    | Note
-------+----------+-------------------------------------------
     0 | D:1      | qw the Deep Elf Hunter began the quest for the Orb.
     0 | D:1      | Reached XP level 1. HP: 12/12 MP: 3/3
     0 | D:1      | 0 ||| qw: Version: 0.3-a-22-g0ed2b0b
     0 | D:1      | 0 ||| qw: Game counter: 5978
     0 | D:1      | 0 ||| qw: Melee chars always use a shield: true
     0 | D:1      | 0 ||| qw: God list: Okawaru
     0 | D:1      | 0 ||| qw: Allow faded altars: false
     0 | D:1      | 0 ||| qw: Do Orc after clearing Dungeon:15 true
     0 | D:1      | 0 ||| qw: Do second Lair branch before Depths: true
     0 | D:1      | 0 ||| qw: Lair rune preference: random
     0 | D:1      | 0 ||| qw: Goals: Normal
     0 | D:1      | 0 ||| PLANNING D:1-11
   197 | D:1      | Reached XP level 2. HP: 16/16 MP: 4/4
   215 | D:1      | Reached skill level 6 in Ranged Weapons
   807 | D:1      | 807 ||| READING scroll labelled QECROD EXOFIA.
   808 | D:1      | 808 ||| READING scroll labelled ANONIM ROMAYL.
   809 | D:1      | 809 ||| READING scroll labelled CAOTACL RAMUMA.
   810 | D:1      | 810 ||| DROPPING scroll of butterflies.
   883 | D:2      | Reached XP level 3. HP: 16/20 MP: 5/5
   913 | D:2      | Found Curoich's Jewellery Shoppe.
   939 | D:2      | Reached skill level 7 in Ranged Weapons
   951 | D:2      | 951 ||| SHOPLISTING +4 ring of slaying (936 gold, have 76).
   951 | D:2      | 951 ||| SHOPLISTING +5 ring of evasion (432 gold, have 76).
   951 | D:2      | 951 ||| SHOPLISTING +6 ring of dexterity (432 gold, have
                  | 76).
   951 | D:2      | 951 ||| SHOPLISTING amulet of faith (480 gold, have 76).
   951 | D:2      | 951 ||| SHOPLISTING amulet of reflection (360 gold, have
                  | 76).
   951 | D:2      | 951 ||| SHOPLISTING ring of resist corrosion (240 gold,
                  | have 76).
   951 | D:2      | 951 ||| SHOPLISTING ring of willpower (300 gold, have 76).
  1127 | D:2      | Found a faded altar of an unknown god.
  1194 | D:2      | HP: 5/20 [poisoned by an adder]
  1194 | D:2      | HP: 2/20 [adder (3)]
  1197 | D:2      | Succumbed to an adder's poison

Levels and vault maps discovered:
D:1:      eino_arrival_water_star, layout_loops_corners,
          hangedman_abyss_or_decor_stabs
D:2:      layout_basic, basic_ecumenical_altar, serial_shops,
          nicolae_shop_tiny_statue_garden, minmay_between

Skill      XL: |  1  2  3 |
---------------+----------+-----
Ranged Weapons | 6 7 |  7.2
Fighting       | |  1.5
Dodging        | |  2.4
Stealth        | |  1.2

Action                     || total
---------------------------++-------
   Fire: Shortbow          ||   118
    Use: Scroll            ||     3
 Armour: Leather armour    ||    13
  Dodge: Dodged            ||    42

Table legend:
 A = Non-vault XP
 B = Vault XP
 C = Vault XP percentage of total XP
 D = Non-vault monster count
 E = Vault monster count
 F = Vault count percentage of total count
                 A         B        C        D         E       F
            +---------+---------+-------+---------+---------+-------
      Total |      67 |      16 |  19.3 |      29 |       3 |   9.4
            +---------+---------+-------+---------+---------+-------
        D:1 |      32 |       0 |   0.0 |      20 |       0 |   0.0
        D:2 |      35 |      16 |  31.4 |       9 |       3 |  25.0
            +---------+---------+-------+---------+---------+-------
